 Dungeon Crawl Stone Soup version 0.25-a0-510-ge065f6de7d (webtiles) character file.

Game seed: 6724493399382384575, levelgen mode: deterministic

1 BeastOfSaturn the Grave Robber (level 1, 0/13 HPs)
             Began as a Demonspawn Necromancer on Feb 15, 2020.
             Slain by an ooze (3 damage)
             ... on level 1 of the Dungeon.
             The game lasted 00:01:10 (166 turns).

BeastOfSaturn the Grave Robber (DsNe)                Turns: 166, Time: 00:01:10

Health: 0/13       AC:  2    Str:  8    XL:     1   Next: 16%
Magic:  1/3        EV: 12    Int: 16    God:
Gold:   22         SH:  0    Dex: 13    Spells: 3/4 levels left

rFire    . . .     SeeInvis .   (no weapon)
rCold    . . .     Gourm    .   (no shield)
rNeg     . . .     Faith    .   a - +0 robe
rPois    .         Spirit   .   (no helmet)
rElec    .         Reflect  .   (no cloak)
rCorr    .         Harm     .   (no gloves)
MR       .....                  (no boots)
Stlth    ++........             (no amulet)
HPRegen  0.04/turn              (no ring)
MPRegen  0.08/turn              (no ring)

@: no status effects
A: no striking features
a: no special abilities


You were on level 1 of the Dungeon.
You were not hungry.

You visited 1 branch of the dungeon, and saw 1 of its levels.

You collected 22 gold pieces.

Inventory:

Armour
 a - a +0 robe (worn)
Potions
 b - a potion of might {unknown}
 d - 2 potions of cancellation {unknown}
 e - a potion of curing {unknown}
Comestibles
 c - 2 rations
 f - a chunk of flesh


   Skills:
 + Level 1.7 Dodging
 - Level 1.7 Stealth
 - Level 2.0 Spellcasting
 * Level 4.4 Necromancy


You had 3 spell levels left.
You knew the following spells:

 Your Spells              Type           Power        Failure   Level  Hunger
a - Pain                  Necr           ###.         3%          1    #......

Your spell library contained the following spells:

 Spells                   Type           Power        Failure   Level  Hunger
 Animate Skeleton         Necr           N/A          3%          1    #......
 Vampiric Draining        Necr           ###.......   10%         3    ###....
 Animate Dead             Necr           N/A          32%         4    #####..
 Agony                    Necr           ###.....     67%         5    ######.


Dungeon Overview and Level Annotations

Branches:
Dungeon (1/15)

Altars:


Message History

Aiming: Pain (safe; 3% risk of failure)
Press: ? - help, Shift-Dir - straight line, f/p - ooze
Aim: an ooze (moderately wounded, chance to defeat MR: 73%)
The ooze struggles to resist.
The ooze closely misses you.
Casting: Pain (safe; 3% risk of failure)
Confirm with . or Enter, or press ? or * to list all spells.
Aiming: Pain (safe; 3% risk of failure)
Press: ? - help, Shift-Dir - straight line, f/p - ooze
Aim: an ooze (moderately wounded, chance to defeat MR: 73%)
The ooze writhes in agony.
The ooze closely misses you.
Casting: Pain (safe; 3% risk of failure)
Confirm with . or Enter, or press ? or * to list all spells.
Aiming: Pain (safe; 3% risk of failure)
Press: ? - help, Shift-Dir - straight line, f/p - ooze
Aim: an ooze (heavily wounded, chance to defeat MR: 73%)
The ooze struggles to resist.
The ooze hits you.
* * * LOW HITPOINT WARNING * * *
The ooze hits you but does no damage. The ooze hits you.
You die...

##. ##....# #.. ...
##...#.## #.# #+#
#####..#....####.###.###
....J.###........##....#
.....##
##.รท.....##....#
###############..##....#
# ##.......## #........#
###.........###..J#....#
##...........##.@###.###
#.............#..###.#
#.............##..##.#
#.............#.#..#.#
#......<.........#...#
#........)....#.#....#
#.............##....##
#.............#....##
##...........##...##


You could see an ooze.

Vanquished Creatures
  A bat (D:1)
  A rat (D:1)
2 creatures vanquished.

Notes
Turn   | Place    | Note
-------+----------+-------------------------------------------
     0 | D:1      | BeastOfSaturn the Demonspawn Necromancer began the quest
                  | for the Orb.
     0 | D:1      | Reached XP level 1. HP: 13/13 MP: 3/3
   166 | D:1      | Slain by an ooze

Levels and vault maps discovered:
D:1:      psy_arrival_dodecagon, layout_basic

Action                   || total
-------------------------++-------
 Cast: Pain              ||    11
Armor: Robe              ||     1
Dodge: Dodged            ||     4

Table legend:
 A = Non-vault XP
 B = Vault XP
 C = Vault XP percentage of total XP
 D = Non-vault monster count
 E = Vault monster count
 F = Vault count percentage of total count
                 A         B        C        D         E       F
            +---------+---------+-------+---------+---------+-------
      Total |       2 |       0 |   0.0 |       2 |       0 |   0.0
            +---------+---------+-------+---------+---------+-------
        D:1 |       2 |       0 |   0.0 |       2 |       0 |   0.0
            +---------+---------+-------+---------+---------+-------
